3L
D.C. DIVIDED @ CLEVELAND BROWNS
09/22/2039
 
TOP OF THE 1ST
D.C. Divided batting - Pitching for Cleveland Browns : RHP Tim Walker
Pitching: RHP Tim Walker
Batting: RHB Kimi Okubo 0-0: Ball
1-0: Called Strike
1-1: Ball
2-1: Ground out 6-3 (Groundball, 6MD, EV 106.9 MPH)
Batting: LHB Bill Butler 0-0: Ground out U3 (Groundball, 3S, EV 69.4 MPH)
Batting: RHB Martín Chávez 0-0: Ball
1-0: Ball
2-0: Called Strike
2-1: Swinging Strike
2-2: Strikes out swinging
Top of the 1st over - 0 runs, 0 hits, 0 errors, 0 left on base; D.C. 0 - Cleveland 0
BOTTOM OF THE 1ST
Cleveland Browns batting - Pitching for D.C. Divided : RHP Victor Heuvelink
Pitching: RHP Victor Heuvelink
Batting: LHB Danny Rodríguez 0-0: Swinging Strike
0-1: Ground out 4-3 (Groundball, 34, EV 109.4 MPH)
Batting: LHB León Castillo 0-0: Ball
1-0: Ball
2-0: Foul Ball, location: 2F
2-1: Fly out, F9 (Flyball, 89XD, EV 76.2 MPH)
Batting: LHB Sadatake Abe 0-0: Called Strike
0-1: Ball
1-1: Ball
2-1: Foul Ball, location: 2F
2-2: Foul Ball, location: 2F
2-2: Strikes out swinging
Bottom of the 1st over - 0 runs, 0 hits, 0 errors, 0 left on base; D.C. 0 - Cleveland 0
TOP OF THE 2ND
D.C. Divided batting - Pitching for Cleveland Browns : RHP Tim Walker
Batting: LHB Craig Morgan 0-0: Foul Ball, location: 2F
0-1: Ball
1-1: Called Strike
1-2: Ball
2-2: Ball
3-2: Base on Balls
Batting: LHB Alex Avery 0-0: Called Strike
0-1: SINGLE (Line Drive, 9S, EV 91.9 MPH)
Craig Morgan to second
Runner from 2nd tries for 3rd, SAFE, no throw by RF
Batting: RHB Jay Hood 0-0: Ball
1-0: Ball
2-0: Fly out, F8 (Flyball, 8RM, EV 73.1 MPH)
Runner from 3rd tags up, SCORES, throw by CF
Batting: LHB Stanley Zijm 0-0: Ball
1-0: Grounds into double play, 4-6-3 (Groundball, 4, EV 83.8 MPH)
Top of the 2nd over - 1 run, 1 hit, 0 errors, 0 left on base; D.C. 1 - Cleveland 0
BOTTOM OF THE 2ND
Cleveland Browns batting - Pitching for D.C. Divided : RHP Victor Heuvelink
Batting: LHB Lauren Hilfiker 0-0: Called Strike
0-1: Ball
1-1: Foul Ball, location: 2F
1-2: Ball
2-2: Ball
3-2: Foul Ball, location: 2F
3-2: Foul Ball, location: 2F
3-2: Ground out 5-3 (Groundball, 56, EV 88.1 MPH)
Batting: RHB Katsuhiko Ishihara 0-0: Foul Ball, location: 2F
0-1: Fly out, F8 (Flyball, 8RXD, EV 83.8 MPH)
Batting: SHB Jhett Larson 0-0: Called Strike
0-1: Ball
1-1: Foul Ball, location: 2F
1-2: Foul Ball, location: 2F
1-2: Ball
2-2: Ball
3-2: Base on Balls
Batting: RHB José Carlos Pérez 0-0: Fly out, F7 (Line Drive, 7D, EV 98.8 MPH)
Bottom of the 2nd over - 0 runs, 0 hits, 0 errors, 1 left on base; D.C. 1 - Cleveland 0
TOP OF THE 3RD
D.C. Divided batting - Pitching for Cleveland Browns : RHP Tim Walker
Batting: RHB Mario Castillo 0-0: Foul Ball, location: 2F
0-1: Fly out, F9 (Flyball, 9, EV 85.0 MPH)
Batting: RHB Nick Boyd 0-0: Called Strike
0-1: Ball
1-1: Ball
2-1: Swinging Strike
2-2: Strikes out swinging
Batting: RHB Kimi Okubo 0-0: Ball
1-0: Foul Ball, location: 2F
1-1: Foul Ball, location: 2F
1-2: Ball
2-2: Ground out 5-3 (Groundball, 56, EV 88.8 MPH)
Top of the 3rd over - 0 runs, 0 hits, 0 errors, 0 left on base; D.C. 1 - Cleveland 0
BOTTOM OF THE 3RD
Cleveland Browns batting - Pitching for D.C. Divided : RHP Victor Heuvelink
Batting: RHB Yu-shu Tseng 0-0: Ball
1-0: Ball
2-0: Foul Ball, location: 2F
2-1: Ball
3-1: Base on Balls
Batting: RHB Carlos Martínez 0-0: Called Strike
0-1: Swinging Strike
0-2: Strikes out looking
Batting: LHB Danny Rodríguez 0-0: Called Strike
0-1: Foul Ball, location: 2F
0-2: Ball
Yu-shu Tseng steals 2nd base
1-2: Ball
2-2: Ball
3-2: DOUBLE (Line Drive, 3D, EV 101.9 MPH)
Yu-shu Tseng scores
Batting: LHB León Castillo 0-0: Foul Ball, location: 2F
0-1: Ball
1-1: Ball
2-1: 2-RUN HOME RUN (Flyball, 7D, EV 90.6 MPH), Distance : 389 ft
Batting: LHB Sadatake Abe 0-0: Called Strike
0-1: Ball
1-1: Ball
2-1: Fly out, F6 (Line Drive, 6, EV 69.4 MPH)
Batting: LHB Lauren Hilfiker 0-0: Ball
1-0: Called Strike
1-1: Ball
2-1: Ball
3-1: Base on Balls
Batting: RHB Katsuhiko Ishihara 0-0: Ball
1-0: Swinging Strike
1-1: Called Strike
1-2: Ground out 4-3 (Groundball, 4, EV 88.8 MPH)
Bottom of the 3rd over - 3 runs, 2 hits, 0 errors, 1 left on base; D.C. 1 - Cleveland 3
TOP OF THE 4TH
D.C. Divided batting - Pitching for Cleveland Browns : RHP Tim Walker
Batting: LHB Bill Butler 0-0: Ball
1-0: Called Strike
1-1: Ball
2-1: Ball
3-1: Base on Balls
Batting: RHB Martín Chávez 0-0: Ball
1-0: Ball
2-0: Grounds into double play, 5-4-3 (Groundball, 5, EV 85.6 MPH)
Batting: LHB Craig Morgan 0-0: Ball
1-0: Called Strike
1-1: Ball
2-1: Ball
3-1: Swinging Strike
3-2: Strikes out swinging
Top of the 4th over - 0 runs, 0 hits, 0 errors, 0 left on base; D.C. 1 - Cleveland 3
BOTTOM OF THE 4TH
Cleveland Browns batting - Pitching for D.C. Divided : RHP Victor Heuvelink
Batting: SHB Jhett Larson 0-0: Called Strike
0-1: SINGLE (Flyball, 9LM, EV 91.2 MPH)
Pitching: LHP Manuel Paílla
Batting: RHB José Carlos Pérez 0-0: DOUBLE (Flyball, 8LXD, EV 89.4 MPH)
Jhett Larson to third
Batting: RHB Yu-shu Tseng 0-0: SINGLE (Groundball, 5D, EV 95.6 MPH)
Jhett Larson scores
José Carlos Pérez to third
Batting: RHB Carlos Martínez 0-0: Ball
1-0: Fielders Choice at 2nd, 3-6 (Groundball, 34, EV 93.1 MPH)
José Carlos Pérez scores
Batting: LHB Danny Rodríguez 0-0: Called Strike
Carlos Martínez steals 2nd base
0-1: Ball
Carlos Martínez steals 3rd base
1-1: Ball
2-1: Called Strike
2-2: Foul Ball, location: 2F
2-2: Strikes out swinging
Batting: LHB León Castillo 0-0: Foul Ball, location: 2F
0-1: Ground out 4-3 (Groundball, 4, EV 88.1 MPH)
Bottom of the 4th over - 2 runs, 3 hits, 0 errors, 1 left on base; D.C. 1 - Cleveland 5
TOP OF THE 5TH
D.C. Divided batting - Pitching for Cleveland Browns : RHP Tim Walker
Batting: LHB Alex Avery 0-0: Ball
1-0: Foul Ball, location: 2F
1-1: Called Strike
1-2: Fly out, F7 (Flyball, 7LM, EV 93.8 MPH)
Batting: RHB Jay Hood 0-0: Called Strike
0-1: Swinging Strike
0-2: Ball
1-2: Strikes out swinging
Batting: LHB Stanley Zijm 0-0: Ball
1-0: Foul Ball, location: 2F
1-1: Foul Ball, location: 2F
1-2: Ball
2-2: Fly out, F7 (Line Drive, 7, EV 88.1 MPH)
Top of the 5th over - 0 runs, 0 hits, 0 errors, 0 left on base; D.C. 1 - Cleveland 5
BOTTOM OF THE 5TH
Cleveland Browns batting - Pitching for D.C. Divided : LHP Manuel Paílla
Batting: LHB Sadatake Abe 0-0: Foul Ball, location: 2F
0-1: Foul Ball, location: 2F
0-2: Ball
1-2: Foul Ball, location: 2F
1-2: Strikes out looking
Batting: LHB Lauren Hilfiker 0-0: Called Strike
0-1: Ball
1-1: Called Strike
1-2: Foul Ball, location: 2F
1-2: Ball
2-2: Strikes out swinging
Batting: RHB Katsuhiko Ishihara 0-0: Ball
1-0: SINGLE (Groundball, 6MD, EV 102.5 MPH)
Batting: SHB Jhett Larson 0-0: Ball
1-0: Fly out, F7 (Flyball, 78XD, EV 96.9 MPH)
Bottom of the 5th over - 0 runs, 1 hit, 0 errors, 1 left on base; D.C. 1 - Cleveland 5
TOP OF THE 6TH
D.C. Divided batting - Pitching for Cleveland Browns : RHP Tim Walker
Batting: RHB Mario Castillo 0-0: Ball
1-0: Foul Ball, location: 2F
1-1: Foul Ball, location: 2F
1-2: Ball
2-2: Foul Ball, location: 2F
2-2: Foul Ball, location: 2F
2-2: Fly out, F8 (Flyball, 8RS, EV 85.0 MPH)
Batting: RHB Nick Boyd 0-0: Called Strike
0-1: Swinging Strike
0-2: Strikes out swinging
Batting: RHB Kimi Okubo 0-0: Called Strike
0-1: Foul Ball, location: 2F
0-2: Ball
1-2: Ball
2-2: Strikes out swinging
Top of the 6th over - 0 runs, 0 hits, 0 errors, 0 left on base; D.C. 1 - Cleveland 5
BOTTOM OF THE 6TH
Cleveland Browns batting - Pitching for D.C. Divided : LHP Manuel Paílla
Batting: RHB José Carlos Pérez 0-0: Foul Ball, location: 2F
0-1: Fly out, F9 (Flyball, 9LMF, EV 110.6 MPH)
Batting: RHB Yu-shu Tseng 0-0: Ball
1-0: Ball
2-0: Called Strike
2-1: SOLO HOME RUN (Flyball, 7D, EV 93.1 MPH), Distance : 390 ft
Batting: RHB Carlos Martínez 0-0: Called Strike
0-1: Ground out U3 (Groundball, 3, EV 100.6 MPH)
Batting: LHB Danny Rodríguez 0-0: Ball
1-0: Foul Ball, location: 2F
1-1: Swinging Strike
1-2: Ball
2-2: SINGLE (Groundball, 56D, EV 101.9 MPH)
Pitching: RHP Trevor Brohard
Batting: LHB León Castillo 0-0: Called Strike
0-1: Ball
1-1: Called Strike
1-2: Ball
2-2: Foul Ball, location: 2F
2-2: Ball
3-2: Fly out, F7 (Line Drive, 7, EV 98.8 MPH)
Bottom of the 6th over - 1 run, 2 hits, 0 errors, 1 left on base; D.C. 1 - Cleveland 6
TOP OF THE 7TH
D.C. Divided batting - Pitching for Cleveland Browns : RHP Tim Walker
Batting: LHB Bill Butler 0-0: Ball
1-0: Foul Ball, location: 2F
1-1: Called Strike
1-2: Ball
2-2: Foul Ball, location: 2F
2-2: Fly out, F7 (Flyball, 7LSF, EV 76.2 MPH)
Batting: RHB Martín Chávez 0-0: Foul Ball, location: 2F
0-1: Foul Ball, location: 2F
0-2: Ball
1-2: Fly out, F9 (Flyball, 9LS, EV 80.6 MPH)
Batting: LHB Craig Morgan 0-0: Foul Ball, location: 2F
0-1: Ball
1-1: Fly out, F8 (Flyball, 78XD, EV 104.4 MPH)
Top of the 7th over - 0 runs, 0 hits, 0 errors, 0 left on base; D.C. 1 - Cleveland 6
BOTTOM OF THE 7TH
Cleveland Browns batting - Pitching for D.C. Divided : RHP Trevor Brohard
Batting: LHB Sadatake Abe 0-0: Ball
1-0: Ball
2-0: Foul Ball, location: 2F
2-1: SOLO HOME RUN (Flyball, 8LXD, EV 103.8 MPH), Distance : 420 ft
Batting: LHB Lauren Hilfiker 0-0: SOLO HOME RUN (Flyball, 9D, EV 110.0 MPH), Distance : 368 ft
Batting: RHB Katsuhiko Ishihara 0-0: Ground out 6-3 (Groundball, 6, EV 88.8 MPH)
Batting: SHB Jhett Larson 0-0: SINGLE (Flyball, 56D, EV 83.1 MPH)
Batting: RHB José Carlos Pérez 0-0: Swinging Strike
0-1: Ball
1-1: Ball
2-1: Swinging Strike
2-2: Strikes out looking
Batting: RHB Yu-shu Tseng 0-0: Called Strike
0-1: Foul Ball, location: 2F
0-2: Ball
1-2: Ball
2-2: Ball
3-2: Fly out, F8 (Line Drive, 8LM, EV 88.8 MPH)
Bottom of the 7th over - 2 runs, 3 hits, 0 errors, 1 left on base; D.C. 1 - Cleveland 8
TOP OF THE 8TH
D.C. Divided batting - Pitching for Cleveland Browns : RHP Tim Walker
Pitching: LHP Lawrence Lane
Batting: LHB Alex Avery 0-0: Called Strike
0-1: Foul Ball, location: 2F
0-2: Ball
1-2: SINGLE (Line Drive, 4MD, EV 101.9 MPH)
Batting: RHB Jay Hood 0-0: Ball
1-0: Ball
2-0: Ball
3-0: Base on Balls
Alex Avery to second
Batting: LHB Stanley Zijm 0-0: Called Strike
0-1: Ball
1-1: Called Strike
1-2: Foul Ball, location: 2F
1-2: Ball
2-2: Foul Ball, location: 2F
2-2: Strikes out looking
Batting: RHB Mario Castillo 0-0: Ball
1-0: Called Strike
1-1: Ground out 6-3 (Groundball, 6M, EV 81.9 MPH)
Alex Avery to third
Jay Hood to second
Batting: RHB Nick Boyd 0-0: Called Strike
0-1: Called Strike
0-2: Foul Ball, location: 2F
0-2: Ball
1-2: Ball
2-2: Ball
3-2: Base on Balls
Batting: RHB Kimi Okubo 0-0: Called Strike
0-1: Ball
1-1: Ball
2-1: Ball
3-1: Foul Ball, location: 2F
3-2: SINGLE (Line Drive, 78M, EV 88.1 MPH)
Alex Avery scores
Jay Hood to third
Nick Boyd to second
Jay Hood scores
Nick Boyd to third
Batting: LHB Bill Butler 0-0: Swinging Strike
0-1: Ball
1-1: Ball
2-1: Foul Ball, location: 2F
2-2: Fly out, F9 (Line Drive, 9, EV 101.2 MPH)
Top of the 8th over - 2 runs, 2 hits, 0 errors, 2 left on base; D.C. 3 - Cleveland 8
BOTTOM OF THE 8TH
Cleveland Browns batting - Pitching for D.C. Divided : RHP Trevor Brohard
Batting: RHB Carlos Martínez 0-0: Fly out, F9 (Flyball, 9D, EV 97.5 MPH)
Batting: LHB Danny Rodríguez 0-0: Ball
1-0: Foul Ball, location: 2F
1-1: SINGLE (Groundball, 6S, EV 76.9 MPH) (infield hit)
Batting: LHB León Castillo 0-0: Foul Ball, location: 2F
0-1: Foul Ball, location: 2F
0-2: Foul Ball, location: 2F
0-2: Grounds into double play, 4-6-3 (Groundball, 4, EV 92.5 MPH)
Bottom of the 8th over - 0 runs, 1 hit, 0 errors, 0 left on base; D.C. 3 - Cleveland 8
TOP OF THE 9TH
D.C. Divided batting - Pitching for Cleveland Browns : LHP Lawrence Lane
Batting: RHB Martín Chávez 0-0: Ball
1-0: Ball
2-0: Foul Ball, location: 2F
2-1: Foul Ball, location: 2F
2-2: Fly out, F9 (Flyball, 9LSF, EV 89.4 MPH)
Batting: LHB Craig Morgan 0-0: Called Strike
0-1: Ball
1-1: Ball
2-1: SINGLE (Line Drive, 7LS, EV 96.9 MPH)
Pitching: RHP Mark Erwin
Batting: LHB Alex Avery 0-0: Ball
1-0: Called Strike
1-1: Fielders Choice at 2nd, 1-6 (Groundball, 13S, EV 73.1 MPH)
Batting: RHB Jay Hood 0-0: Called Strike
0-1: Ball
1-1: Foul Ball, location: 2F
1-2: SINGLE (Groundball, 6D, EV 107.5 MPH)
Alex Avery to second
Batting: LHB Stanley Zijm 0-0: Called Strike
0-1: Ball
1-1: Foul Ball, location: 2F
1-2: 3-RUN HOME RUN (Flyball, 9LD, EV 99.4 MPH), Distance : 353 ft
Pitching: RHP Juan Vias
Batting: RHB Mario Castillo 0-0: Swinging Strike
0-1: Called Strike
0-2: Ball
1-2: Ball
2-2: Strikes out swinging
Top of the 9th over - 3 runs, 3 hits, 0 errors, 0 left on base; D.C. 6 - Cleveland 8
Wednesday, July 8th, 2020 - OOTP Baseball 20.8 Build 74